 Dungeon Crawl Stone Soup version 0.29-a0-214-g17f627cfee (webtiles) character file.

Game seed: 1189732170114216654

1164 enile the Covert (level 8, -2/58 HPs)
             Began as a Gnoll Wanderer on Feb 25, 2022.
             Was a Believer of Fedhas.
             Slain by Pikel
             ... wielding a +1 whip of electrocution
              (13 damage)
             ... on level 4 of the Dungeon.
             The game lasted 00:08:59 (5985 turns).

enile the Covert (Gnoll Wanderer)                   Turns: 5985, Time: 00:09:00

Health: -2/58      AC: 16    Str: 14    XL:     8   Next: 40%
Magic:  12/12      EV:  6    Int: 12    God:    Fedhas [**....]
Gold:   207        SH:  4    Dex: 11    Spells: 13/13 levels left

rFire   . . .      SeeInvis .   C - +4 flail (protect)
rCold   . . .      Faith    .   w - +0 buckler
rNeg    . . .      Spirit   .   x - +0 chain mail
rPois   +          Reflect  .   (no helmet)
rElec   .          Harm     .   (no cloak)
rCorr   .          Rampage  .   (no gloves)
Will    .....                   (no boots)
Stlth   +.........              (no amulet)
HPRegen 0.19/turn               v - ring of poison resistance
MPRegen 0.13/turn               (no ring)

@: under a protective aura
A: fangs 1, strong nose, distributed training
a: Renounce Religion, Wall of Briars


You were on level 4 of the Dungeon.
You worshipped Fedhas.
Fedhas was pleased with you.
You visited 1 branch of the dungeon, and saw 5 of its levels.
You also visited: Sewer.

You collected 207 gold pieces.

Inventory:

Hand Weapons
 a - a +2 dagger
 c - a +0 short sword
 q - a +0 scythe
 y - a +0 falchion
 C - a +4 flail of protection (weapon)
Missiles
 B - a curare-tipped dart (quivered)
 D - 3 poisoned darts
Armour
 e - a +0 leather armour
 w - a +0 buckler (worn)
 x - a +0 chain mail (worn)
Magical Staves
 i - a staff of cold
Jewellery
 v - a ring of poison resistance (left hand)
Scrolls
 h - a scroll of fog
 n - 2 scrolls of teleportation
 p - a scroll of summoning {unknown}
 r - a scroll of magic mapping {unknown}
 t - a scroll of brand weapon {unknown}
 A - a scroll of amnesia {unknown}
 G - a scroll of identify {unknown}
 H - a scroll of fear {unknown}
Potions
 b - a potion of berserk rage
 f - 2 potions of lignification {unknown}
 g - a potion of magic {unknown}
 j - a potion of brilliance {unknown}
 k - 3 potions of cancellation {unknown}
 l - a potion of curing {unknown}
 m - 2 potions of attraction {unknown}
 o - a potion of might {unknown}
 s - a potion of degeneration {unknown}
 u - 3 potions of resistance {unknown}
 z - a potion of mutation {unknown}
 E - 2 potions of heal wounds {unknown}
 F - a potion of haste {unknown}
Miscellaneous
 d - a piece from Xom's chessboard (3/15)


   Skills:
 + Level 3.2 Fighting
 + Level 4.2 Short Blades
 + Level 3.2 Long Blades
 + Level 3.2 Axes
 + Level 3.2 Maces & Flails
 + Level 3.2 Polearms
 + Level 3.2 Staves
 + Level 3.2 Slings
 + Level 3.2 Bows
 + Level 3.2 Crossbows
 + Level 3.2 Throwing
 + Level 3.2 Armour
 + Level 4.2 Dodging
 + Level 10.1 Stealth
 + Level 3.2 Shields
 + Level 3.2 Unarmed Combat
 + Level 3.2 Spellcasting
 + Level 2.6 Conjurations
 + Level 2.6 Hexes
 + Level 2.6 Summonings
 + Level 2.6 Necromancy
 + Level 2.6 Translocations
 + Level 2.6 Transmutations
 + Level 2.6 Fire Magic
 + Level 2.6 Ice Magic
 + Level 2.6 Air Magic
 + Level 2.6 Earth Magic
 + Level 2.6 Poison Magic
 + Level 4.4 Invocations
 + Level 5.6 Evocations


You had 13 spell levels left.
You didn't know any spells.
Your spell library contained the following spells:

 Spells                   Type           Power      Damage    Failure   Level
 Summon Small Mammal      Summ           32%        N/A       95%         1
 Call Canine Familiar     Summ           8%         N/A       100%        3
 Summon Guardian Golem    Hex/Summ       8%         N/A       100%        3


Dungeon Overview and Level Annotations

Branches:
Dungeon (5/15)              Sewer (visited)
 Temple: D:4-7

Altars:
Fedhas
Hepliaklqana

Shops:
D:4 :

Annotations:
D:4 Pikel


Innate Abilities, Weirdness & Mutations

You have very sharp teeth.
Your uncanny sense of smell can sniff out nearby items.
Your experience applies equally to all skills.


Message History

There is a stone staircase leading up here.
Pikel hits you with a +1 whip of electrocution.
You climb upwards.
There is a stone staircase leading down, spattered with blood here.
You hit Pikel.
Your weapon exudes an aura of protection.
Pikel is lightly wounded.
Pikel hits you with a +1 whip of electrocution.
You barely miss Pikel.
Pikel is lightly wounded.
Pikel hits you but does no damage.
You thump Pikel!
Pikel is moderately wounded.
Pikel hits you with a +1 whip of electrocution!
Pikel hits you but does no damage.
You sock Pikel! Your bite misses Pikel.
Pikel is heavily wounded.
Pikel hits you but does no damage.
You hit Pikel.
Pikel is severely wounded.
Pikel hits you but does no damage.
You are electrocuted!
Throw: 2 darts (curare)
Press: ? - help, Q - select action, (/) - cycle Shift-Dir - straight line, f - Pikel
Aim: Pikel, wielding a +1 whip of electrocution, wearing a +0 robe and carrying a wand of iceblast (8) (severely wounded, 50% to hit)
You throw a curare-tipped dart. The curare-tipped dart hits Pikel.
Pikel is poisoned.
Pikel convulses.
Pikel seems to slow down.
Pikel is severely wounded.
Pikel hits you with a +1 whip of electrocution.
You hit Pikel.
Pikel is almost dead.
Pikel hits you but does no damage.
You are electrocuted!!
* * * LOW HITPOINT WARNING * * *
You hit Pikel.
Pikel is almost dead.
Pikel hits you with a +1 whip of electrocution.
* * * LOW HITPOINT WARNING * * *
You are electrocuted!
You die...
Fedhas appreciates your contribution to the ecosystem.

∆ ... #.#≈ #.######.#≈ ###
#........## #... ###.#######
### ### #..### #.# ####
###8###8####.....##.# #...
###8...8...8###.#...#.# #.#.
####........K##........# #.#.
#.#_........)@#S...#.######.#.
#.##.........##.......#...#.#.
#.##8...8...8#####....#.#.#.#.
#. ###8###8### #####..S.#.#.#.
# ### ### #......###.#.#.
+......###.#.†.
#......'...###.
#......#.÷####.
#.......#.......


You could see Pikel (very poisoned, slow) and an adder.

Vanquished Creatures
  Prince Ribbit (D:5)
  Sigmund (D:2)
  Menkaure (D:4)
  Edmund (D:4)
  An ice beast (D:5)
  A necrophage (D:5)
  A lemure (D:4)
  A hound (D:4)
  3 jellies (Sewer)
  A scorpion zombie (D:5)
  3 gnolls
  7 adders
  A river rat (D:4)
  2 adder skeletons (D:4)
  A worm (D:2)
  7 dart slugs
  An orc (D:3)
  6 ball pythons
  5 bats
  16 endoplasms
  6 giant cockroaches
  13 goblins
  8 hobgoblins
  3 jackals (D:3)
  3 quokkas
  10 frilled lizards
  6 kobolds
  9 rats
  A rat zombie (D:4)
120 creatures vanquished.

Notes
Turn   | Place    | Note
-------+----------+-------------------------------------------
     0 | D:1      | Reached skill level 9 in Stealth
     0 | D:1      | enile the Gnoll Wanderer began the quest for the Orb.
     0 | D:1      | enile set off with the following items: a +2 dagger, a
                  | potion of berserk rage, a +0 short sword, a piece from
                  | Xom's chessboard (15/15), a +0 leather armour
     0 | D:1      | Reached XP level 1. HP: 13/13 MP: 2/2
   361 | D:1      | Reached XP level 2. HP: 20/20 MP: 3/3
  1011 | D:1      | Reached XP level 3. HP: 25/25 MP: 4/4
  1664 | D:2      | Noticed Sigmund
  1666 | D:2      | Killed Sigmund
  1667 | D:2      | Reached skill level 1 in Fighting
  1667 | D:2      | Reached skill level 1 in Long Blades
  1667 | D:2      | Reached skill level 1 in Axes
  1667 | D:2      | Reached skill level 1 in Maces & Flails
  1667 | D:2      | Reached skill level 1 in Polearms
  1667 | D:2      | Reached skill level 1 in Staves
  1667 | D:2      | Reached skill level 1 in Slings
  1667 | D:2      | Reached skill level 1 in Bows
  1667 | D:2      | Reached skill level 1 in Crossbows
  1667 | D:2      | Reached skill level 1 in Throwing
  1667 | D:2      | Reached skill level 1 in Armour
  1667 | D:2      | Reached skill level 1 in Shields
  1667 | D:2      | Reached skill level 1 in Unarmed Combat
  1667 | D:2      | Reached skill level 1 in Spellcasting
  1667 | D:2      | Reached skill level 1 in Conjurations
  1667 | D:2      | Reached skill level 1 in Hexes
  1667 | D:2      | Reached skill level 1 in Summonings
  1667 | D:2      | Reached skill level 1 in Necromancy
  1667 | D:2      | Reached skill level 1 in Translocations
  1667 | D:2      | Reached skill level 1 in Transmutations
  1667 | D:2      | Reached skill level 1 in Fire Magic
  1667 | D:2      | Reached skill level 1 in Ice Magic
  1667 | D:2      | Reached skill level 1 in Air Magic
  1667 | D:2      | Reached skill level 1 in Earth Magic
  1667 | D:2      | Reached skill level 1 in Poison Magic
  1667 | D:2      | Reached XP level 4. HP: 32/32 MP: 6/6
  1667 | D:2      | Reached XP level 5. HP: 37/37 MP: 7/7
  2256 | D:2      | Reached XP level 6. HP: 44/44 MP: 8/8
  2854 | D:3      | Found a faded altar of an unknown god.
  2872 | D:3      | Prayed at the altar of an unknown god.
  2872 | D:3      | Became a worshipper of Fedhas Madash
  2872 | D:3      | Reached * piety under Fedhas
  3439 | D:4      | Noticed Edmund
  3467 | D:4      | Killed Edmund
  3468 | D:4      | Reached skill level 5 in Evocations
  3576 | D:4      | Reached XP level 7. HP: 49/50 MP: 10/10
  3579 | D:4      | Noticed Menkaure
  3587 | D:4      | Killed Menkaure
  3680 | D:4      | Reached ** piety under Fedhas
  3683 | D:4      | Found a glowing drain.
  3687 | Sewer    | Entered a sewer
  4304 | Sewer    | Found a viscous altar of Jiyva.
  4562 | Sewer    | Reached skill level 10 in Stealth
  5056 | D:4      | Found Keer's Book Boutique.
  5178 | D:4      | Found a hazy altar of Hepliaklqana.
  5197 | D:5      | Entered Level 5 of the Dungeon
  5197 | D:5      | Noticed Prince Ribbit
  5218 | D:5      | Killed Prince Ribbit
  5219 | D:5      | Reached XP level 8. HP: 25/58 MP: 9/12
  5791 | D:5      | Noticed Pikel
  5985 | D:4      | Slain by Pikel

Illustrated notes

Levels and vault maps discovered:
D:1:      dpeg_arrival_triangle_fractal, layout_loops_ring,
          minmay_misc_feat_tiny, st_stairs_13
D:2:      layout_loops_ring, dk_noncrumbling_2, uniq_sigmund
D:3:      layout_basic, serial_glass, glass_columns_a, glass_columns_b,
          basic_ecumenical_altar
D:4:      layout_basic, nicolae_overflow_hidden_temple, enter_ossuary_4,
          gup_sewer_entry_spiral, kennysheep_windowed_goal, uniq_edmund,
          uniq_menkaure
D:5:      layout_gridville, temple_hall, uniq_prince_ribbit1, uniq_pikel,
          uniq_ijyb, uniq_grinder

Skill      XL: |  1  2  3  4  5  6  7 |
---------------+----------------------+-----
Stealth        | 10 | 10.1
Fighting       | 1 2 3 |  3.2
Short Blades   | 3 4 |  4.2
Long Blades    | 1 2 3 |  3.2
Axes           | 1 2 3 |  3.2
Maces & Flails | 1 2 3 |  3.2
Polearms       | 1 2 3 |  3.2
Staves         | 1 2 3 |  3.2
Slings         | 1 2 3 |  3.2
Bows           | 1 2 3 |  3.2
Crossbows      | 1 2 3 |  3.2
Throwing       | 1 2 3 |  3.2
Armour         | 1 2 3 |  3.2
Dodging        | 3 4 |  4.2
Shields        | 1 2 3 |  3.2
Unarmed Combat | 1 2 3 |  3.2
Spellcasting   | 1 2 3 |  3.2
Conjurations   | 1 2 |  2.6
Hexes          | 1 2 |  2.6
Summonings     | 1 2 |  2.6
Necromancy     | 1 2 |  2.6
Translocations | 1 2 |  2.6
Transmutations | 1 2 |  2.6
Fire Magic     | 1 2 |  2.6
Ice Magic      | 1 2 |  2.6
Air Magic      | 1 2 |  2.6
Earth Magic    | 1 2 |  2.6
Poison Magic   | 1 2 |  2.6
Invocations    | 3 4 |  4.4
Evocations     | 5 |  5.6

Action                   |  1- 3 |  4- 6 |  7- 9 || total
-------------------------+-------+-------+-------++-------
Melee: Dagger            |    96 |    90 |       ||   186
       Bite              |    13 |    12 |    17 ||    42
       Punch             |     1 |       |       ||     1
       Falchion          |       |    58 |       ||    58
       Flail             |       |    19 |   214 ||   233
Throw: Dart              |       |     3 |     4 ||     7
Invok: Wall of Briars    |       |       |     1 ||     1
Evoke: Piece from Xom's  |     3 |     9 |    11 ||    23
  Use: Scroll            |     1 |     2 |     3 ||     6
 Stab: Sleeping          |    10 |    11 |       ||    21
       Petrified         |     1 |       |     4 ||     5
       Paralysed         |       |     5 |       ||     5
       Petrifying        |       |     1 |     2 ||     3
Armor: Leather armour    |    17 |     4 |       ||    21
       Chain mail        |       |    96 |   141 ||   237
Dodge: Dodged            |    44 |    71 |    45 ||   160
Block: Buckler           |       |    20 |    26 ||    46

Table legend: (Time is in decaauts)
 A = Elapsed time spent in this place.
 B = Non-inter-level travel time spent in this place.
 C = Inter-level travel time spent in this place.
 D = Time resting spent in this place.
 E = Time spent auto-exploring this place.
 F = Levels seen in this place.
 G = Mean time per level.
                   A        B        C        D        E       F      G
               +--------+--------+--------+--------+--------+-----+--------+
         Total |   6150 |   5920 |    230 |    389 |   4095 |   6 | 1025.0 |
       Dungeon |   5068 |   4838 |    230 |    333 |   3309 |   5 | 1013.6 |
         Sewer |   1082 |   1082 |      0 |     56 |    786 |   1 | 1082.0 |
               +--------+--------+--------+--------+--------+-----+--------+

Top non-repeatable levels by time:
     D:1: 1439 daAuts
     D:4: 1138 daAuts
   Sewer: 1082 daAuts
     D:2: 1056 daAuts
     D:3: 879 daAuts
     D:5: 554 daAuts
